 Dungeon Crawl Stone Soup version 0.29.1-12-g30fa7ad0bf (webtiles) character file.

Game seed: 12787548268518339390

60 Pows the Shield-Bearer (level 3, -5/33 HPs)
             Began as a Minotaur Fighter on Jan 13, 2023.
             Killed by divine providence
             ... invoked by an orc priest
              (9 damage)
             ... on level 3 of the Dungeon.
             The game lasted 00:04:43 (1199 turns).

Pows the Shield-Bearer (Minotaur Fighter)           Turns: 1199, Time: 00:04:44

Health: -5/33      AC:  7    Str: 20    XL:     3   Next: 80%
Magic:  2/2        EV:  9    Int:  5    God:
Gold:   201        SH:  4    Dex: 11    Spells: 2/2 levels left

rFire   . . .      SeeInvis .   a - +0 long sword
rCold   . . .      Faith    .   c - +0 buckler
rNeg    . . .      Spirit   .   b - +0 scale mail
rPois   .          Reflect  .   (helmet restricted)
rElec   .          Harm     .   (no cloak)
rCorr   .          Rampage  .   (no gloves)
Will    .....                   (no boots)
Stlth   ..........              (no amulet)
HPRegen 0.11/turn               (no ring)
MPRegen 0.08/turn               (no ring)

@: no status effects
A: horns 2, retaliatory headbutt
a: no special abilities


You were on level 3 of the Dungeon.
You visited 1 branch of the dungeon, and saw 3 of its levels.

You collected 201 gold pieces.

Inventory:

Hand Weapons
 a - a +0 long sword (weapon)
Missiles
 k - 2 poisoned darts (quivered)
Armour
 b - a +0 scale mail (worn)
 c - a +0 buckler (worn)
Scrolls
 h - a scroll of noise {unknown}
 i - 4 scrolls of identify {unknown}
 j - 3 scrolls of blinking {unknown}
 l - 2 scrolls of teleportation {unknown}
 m - 3 scrolls of torment {unknown}
 p - a scroll of magic mapping {unknown}
 q - a scroll of butterflies {unknown}
Potions
 d - a potion of might
 e - a potion of lignification {unknown}
 f - a potion of curing {unknown}
 g - a potion of flight {unknown}
 n - a potion of magic {unknown}
 o - a potion of degeneration {unknown}


   Skills:
 + Level 4.2 Fighting
 + Level 3.2 Long Blades
 + Level 4.2 Armour
 + Level 4.3 Shields


You had 2 spell levels left.
You didn't know any spells.
Your spell library was empty.

Dungeon Overview and Level Annotations

Branches:
Dungeon (3/15)

Altars:

Shops:
D:2 (


Innate Abilities, Weirdness & Mutations

You have a pair of horns on your head.
You reflexively headbutt those who attack you in melee.


Message History

Why would you want to do that?
There is a stone staircase leading down here.
You climb downwards.
The orc wizard shouts!
The orc priest shouts!
Found 17 gold pieces and an Everburning Encyclopedia.
Found an escape hatch in the ceiling and an escape hatch in the floor.
There is a stone staircase leading up here.
An orc comes into view. It is wielding a +0 flail.
The orc shouts!
You hear an angry hiss.
A bat comes into view.
The bat hits something.
You block the ball python's attack. x2
The bat moves out of view.
You slash the ball python!
You kill the ball python!
A bat comes into view.
The orc priest invokes the aid of Beogh against you.
Beogh smites you!
The orc wizard hits the fungus with a +0 dagger.
The fungus begins to die.
An adder comes into view.
The bat moves out of view.
You barely miss the orc. The orc hits you with a +0 hand axe.
The orc wizard hits the fungus with a +0 dagger.
The fungus begins to die.
You barely miss the orc priest. Your headbutt misses the orc priest.
The orc priest hits you with a +0 flail!
* * * LOW HITPOINT WARNING * * *
You block the orc's attack.
The orc wizard hits the fungus with a +0 dagger.
The bat hits the fungus.
The fungus begins to die.
The bat hits the fungus.
The orc priest attacks as you move away!
The orc priest hits you with a +0 flail.
* * * LOW HITPOINT WARNING * * *
The bat hits the fungus. x2
The orc wizard hits the fungus with a +0 dagger.
There is a stone staircase leading up here.
A nearby fungus withers and dies.
The orc hits you but does no damage.
The orc priest mumbles some strange prayers to Beogh against you.
Beogh smites you!
You die...

#...P.PP..#
#..P...PP.#
#.PP.8..P.#
#.P...oPP.#
#..P..PP..#
#.SP.P.o#
#..†...#####.
#..oob....>$
##.b@.#####
#..<.#
#..#### #..#
#.# #. #.


You could see an orc priest, an orc wizard, an adder, 2 orcs and 2 bats.

Vanquished Creatures
  2 adders (D:2)
  A dart slug (D:1)
  5 endoplasms
  3 giant cockroaches
  4 goblins
  A hobgoblin (D:1)
  7 kobolds
  2 quokkas
  5 ball pythons
  4 bats
  2 frilled lizards (D:2)
  3 rats (D:1)
39 creatures vanquished.

Vanquished Creatures (others)
  2 fungi (D:3)
2 creatures vanquished.

Grand Total: 41 creatures vanquished

Notes
Turn   | Place    | Note
-------+----------+-------------------------------------------
     0 | D:1      | Pows the Minotaur Fighter began the quest for the Orb.
     0 | D:1      | Reached XP level 1. HP: 19/19 MP: 0/0
    92 | D:1      | Reached XP level 2. HP: 10/27 MP: 1/1
   713 | D:2      | Reached XP level 3. HP: 32/33 MP: 2/2
   893 | D:2      | Found Ilifuth's Weapon Boutique.
  1199 | D:3      | Killed from afar by an orc priest

Illustrated notes

Levels and vault maps discovered:
D:1:      co_arrival_square_in_a_square_in_a_square, layout_rooms,
          corexii_item_surrounded_by_moat
D:2:      layout_rooms, serial_shops, shop_coins, chequers_serial_rivers_small_b
D:3:      layout_rooms, gammafunk_ghost_split, dreamdust_mushroom_princess,
          minmay_pentangle

Skill      XL: |  1  2 |
---------------+-------+-----
Armour         | 4 |  4.2
Shields        | 4 |  4.3
Fighting       | 4 |  4.2
Long Blades    | 3 |  3.2

Action                   || total
-------------------------++-------
Melee: Long sword        ||    76
       Headbutt          ||     7
Armor: Scale mail        ||    38
Dodge: Dodged            ||    42
Block: Buckler           ||    19
